 Dungeon Crawl Stone Soup version 0.31-a0-204-g7da18cac08 (webtiles) character file.

Game seed: 10154519467285705006

19 Dittersdorf the Covered (level 2, 0/19 HPs)
             Began as a Gargoyle Fighter on June 27, 2023.
             Slain by Terence
             ... wielding a +0 mace
              (5 damage)
             ... on level 2 of the Dungeon.
             The game lasted 00:00:45 (1114 turns).

Dittersdorf the Covered (Gargoyle Fighter)          Turns: 1114, Time: 00:00:46

Health: 0/19       AC: 12    Str: 19    XL:     2   Next: 75%
Magic:  2/2        EV:  7    Int:  8    God:
Gold:   52         SH:  4    Dex:  9    Spells: 1/1 levels left

rFire   . . .        a - +0 flail
rCold   . . .        c - +0 buckler
rNeg    + . .        f - +0 chain mail
rPois   ∞            (no helmet)
rElec   +            (no cloak)
rCorr   .            (no gloves)
SInv    .            (no boots)
Will    .....        (no amulet) Stlth
                     (no ring)
HPRegen 0.23/turn    (no ring)
MPRegen 0.08/turn

%: no passive effects
@: no status effects
A: sickness immunity, AC +2, negative energy resistance 1, electricity
resistance, torment resistance 1, petrification resistance
a: no special abilities


You were on level 2 of the Dungeon.
You visited 1 branch of the dungeon, and saw 2 of its levels.

You collected 52 gold pieces.

Inventory:

Hand Weapons
 a - a +0 flail (weapon)
Armour
 c - a +0 buckler (worn)
 f - a +0 chain mail (worn)
Scrolls
 b - a scroll of blinking {unknown}
 e - 2 scrolls of identify {unknown}
Potions
 d - a potion of might


   Skills:
 + Level 3.5 Fighting
 + Level 2.3 Maces & Flails
 + Level 3.5 Armour
 + Level 3.5 Shields


You had one spell level left.
You didn't know any spells.
Your spell library was empty.

Dungeon Overview and Level Annotations

Branches:
Dungeon (2/15)

Altars:

Annotations:
D:2 Terence


Innate Abilities, Weirdness & Mutations

You are immune to sickness and miasma.
Your stone body is resilient. (AC +2)
You are immune to poison.
You resist negative energy. (rN+)
You are resistant to electric shocks. (rElec)
You are resistant to unholy torment.
You are immune to petrification.


Message History

A kobold comes into view. It is wielding a +0 club.
The kobold shouts!
Terence the Incautious comes into view.
He is wielding a +0 mace.
Terence shouts!
An endoplasm comes into view.
You see here a ruby potion.
Found a dagger.
Found a stone staircase leading down.
The endoplasm quivers.
Found 2 murky blue potions.
Found a stone staircase leading down.
Terence says, "How do you enjoy it?" The kobold hits you but does no damage.
You hit Terence but do no damage. Terence barely misses you.
The kobold hits you with a +0 club. Terence hits you but does no damage.
The kobold hits you but does no damage.
You hit Terence but do no damage. You block the kobold's attack.
Terence hits you but does no damage. The kobold hits you but does no damage.
You block Terence's attack. Terence hits you with a +0 mace!
The kobold attacks as you move away! You block the kobold's attack.
Terence says, "Don't bother to defend, it's useless."
You sock the kobold!
You kill the kobold!
You hit Terence.
Terence is lightly wounded.
Terence closely misses you.
You hit Terence but do no damage.
Terence is lightly wounded.
Terence says, "You're history."
Terence hits you with a +0 mace. x2
* * * LOW HITPOINT WARNING * * *
You closely miss Terence.
Terence is lightly wounded.
Terence barely misses you.
You hit Terence.
Terence is moderately wounded.
Terence hits you but does no damage. x2
You barely miss Terence.
Terence is moderately wounded.
Terence hits you with a +0 mace.
You die...

......... #.# ........
#.# #...#.# #.#
##...#!######.####
##.......!........#
#..............##.####
#..#.##J####.........#
. .) #@# #....#.##.#
#.. #@# #.........# #.
#.# ##...#.#.)# # #.#
##..#.#..# #.#
##.#.#..# #.# #.#..#
#.# #.#..# ..# #..
..#..# ..# #....#
###..# ..# #.# #..#


You could see Terence and an endoplasm.

Vanquished Creatures
  3 ball pythons (D:1)
  2 endoplasms (D:1)
  2 goblins
  A hobgoblin (D:1)
  2 kobolds
  A quokka (D:1)
  2 bats (D:1)
  A frilled lizard (D:1)
  3 rats (D:1)
17 creatures vanquished.

Notes
Turn   | Place    | Note
-------+----------+-------------------------------------------
     0 | D:1      | Dittersdorf the Gargoyle Fighter began the quest for the
                  | Orb.
     0 | D:1      | Reached XP level 1. HP: 14/14 MP: 1/1
    26 | D:1      | Found a faded altar of an unknown god.
   181 | D:1      | Reached XP level 2. HP: 19/19 MP: 2/2
  1099 | D:2      | Noticed Terence
  1114 | D:2      | Slain by Terence

Illustrated notes

Levels and vault maps discovered:
D:1:      amcnicky_arrival_double_pillar, layout_basic,
          hellmonk_ecumenical_altar_blasted, dk_noncrumbling_3
D:2:      layout_loops_ring, amcnicky_mini_rare_corridor_liquid,
          minmay_distorted, uniq_terence

Action                     || total
---------------------------++-------
  Melee: Flail             ||    63
 Armour: Scale mail        ||    42
         Chain mail        ||     7
  Dodge: Dodged            ||    29
  Block: Buckler           ||    13

Table legend: (Time is in decaauts)
 A = Elapsed time spent in this place.
 B = Non-inter-level travel time spent in this place.
 C = Inter-level travel time spent in this place.
 D = Time resting spent in this place.
 E = Time spent auto-exploring this place.
 F = Levels seen in this place.
 G = Mean time per level.
                   A        B        C        D        E       F      G
               +--------+--------+--------+--------+--------+-----+--------+
         Total |   1134 |   1118 |     16 |      0 |    955 |   2 |  567.0 |
       Dungeon |   1134 |   1118 |     16 |      0 |    955 |   2 |  567.0 |
               +--------+--------+--------+--------+--------+-----+--------+

Top non-repeatable levels by time:
     D:1: 984 daAuts
     D:2: 149 daAuts
